 Dungeon Crawl Stone Soup version 0.24.0-1-gfbc8707 (webtiles) character file.

Game seed: 4516195817993678153, levelgen mode: deterministic

8418 Illumine the Cleaver (level 11, -1/99 HPs)
             Began as a Minotaur Monk on Nov 22, 2019.
             Was an Elder of Makhleb.
             Slain by a red ugly thing (23 damage)
             ... on level 10 of the Dungeon.
             The game lasted 00:10:44 (8942 turns).

Illumine the Cleaver (Minotaur Monk)                Turns: 8942, Time: 00:10:44

Health: -1/99      AC: 15    Str: 18    XL:     11   Next: 9%
Magic:  10/10      EV: 10    Int:  7    God:    Makhleb [****..]
Gold:   393        SH:  0    Dex: 14    Spells: 10/10 levels left

rFire    . . .     SeeInvis .   a - +2 battleaxe (elec)
rCold    . . .     Gourm    .   (shield currently unavailable)
rNeg     . . .     Faith    .   O - +0 plate armour
rPois    .         Spirit   .   (helmet restricted)
rElec    .         Reflect  .   B - +0 cloak {MR+}
rCorr    .         Harm     .   (no gloves)
MR       +....                  (no boots)
Stlth    ..........             (no amulet)
HPRegen  0.26/turn              (no ring)
MPRegen  0.12/turn              (no ring)

@: no status effects
A: retaliatory headbutt, horns 2
a: Minor Destruction, Lesser Servant of Makhleb, Major Destruction, Renounce
Religion


You were on level 10 of the Dungeon.
You worshipped Makhleb.
Makhleb was greatly pleased with you.
You were not hungry.

You visited 2 branches of the dungeon, and saw 11 of its levels.
You also visited: Sewer.

You collected 681 gold pieces.
You spent 288 gold pieces at shops.

Inventory:

Hand Weapons
 a - a +2 battleaxe of electrocution (weapon)
 h - a +0 battleaxe
 u - a +0 arbalest
 w - a +0 broad axe
 D - the +3 dire flail "Ibyodata" {holy, rElec Str+2 SInv}
   (You bought it in a shop on level 6 of the Dungeon)

   It has been blessed by the Shining One to cause great damage to the undead
   and demons.
   It affects your strength (+2).
   It insulates you from electricity.
   It lets you see invisible.
Missiles
 H - 35 bolts
Armour
 t - a +0 large shield
 y - a +2 buckler
 B - a +0 cloak of magic resistance (worn)
 I - a +1 cloak
 O - a +0 plate armour (worn)
Jewellery
 G - an uncursed ring of teleportation
 J - an uncursed ring of stealth
 P - an uncursed ring of protection from fire {unknown}
Wands
 r - a wand of polymorph (8)
 v - a wand of flame (15)
 E - a wand of digging (4)
 K - a wand of random effects (25)
 S - a wand of disintegration (13)
 T - a wand of iceblast (7)
Scrolls
 b - 2 scrolls of enchant weapon {unknown}
 d - 3 scrolls of amnesia
 e - 4 scrolls of magic mapping
 i - a scroll of brand weapon {unknown}
 j - 7 scrolls of teleportation
 k - a scroll of enchant armour {unknown}
 l - a scroll of random uselessness {unknown}
 o - 2 scrolls of immolation
 q - a scroll of fear
 A - 3 scrolls of remove curse
 C - a scroll of blinking {unknown}
 L - a scroll of fog {unknown}
 M - 2 scrolls of identify
 Q - 3 scrolls of noise {unknown}
Potions
 f - 7 potions of curing
 g - a potion of berserk rage
 m - 2 potions of magic
 n - 3 potions of might
 p - 6 potions of heal wounds
 s - a potion of mutation
 x - 4 potions of flight
 z - 2 potions of brilliance
 F - 4 potions of lignification
 N - a potion of degeneration {unknown}
 R - a potion of haste {unknown}
Comestibles
 c - 20 rations


   Skills:
 + Level 9.9 Fighting
 + Level 12.6 Axes
 + Level 9.0 Armour
 + Level 9.2 Dodging
 - Level 1.6 Stealth
 - Level 3.8 Shields


You had 10 spell levels left.
You didn't know any spells.
Your spell library contained the following spells:

 Spells                   Type           Power        Failure   Level  Hunger
 Confusing Touch          Hex            #.....       100%        1    ##.....
 Sting                    Conj/Pois      #...         100%        1    ##.....
 Poisonous Vapours        Pois/Air       #.....       100%        2    ###....
 Confuse                  Hex            #.......     100%        3    ####...
 Conjure Flame            Conj/Fire      #.......     100%        3    ####...
 Gell's Gravitas          Tloc           #.........   100%        3    ####...
 Mephitic Cloud           Conj/Pois/Air  #.......     100%        3    ####...
 Olgreb's Toxic Radiance  Pois           #.......     100%        4    #####..
 Petrify                  Tmut/Erth      #.......     100%        4    #####..
 Metabolic Englaciation   Hex/Ice        #.........   100%        5    ######.
 Venom Bolt               Conj/Pois      #.........   100%        5    ######.
 Yara's Violent Unravell  Hex/Tmut       #.........   100%        5    ######.
 Freezing Cloud           Conj/Ice/Air   #.........   100%        6    #######
 Ring of Flames           Chrm/Fire      #.........   100%        7    #######


Dungeon Overview and Level Annotations

Branches:
Dungeon (10/15)            Temple (0/1) D:6            Lair (1/6) D:8
  Sewer (visited)
    Orc: D:9-12

Altars:
Cheibriados
Elyvilon
Hepliaklqana
Ru
Sif Muna
Trog
Uskayaw
Vehumet
Wu Jian
Xom
Zin

Shops:
D:5 ?   D:6 ?*:(%

Annotations:
D:10 3 runed translucent doors, Illumine's ghost, journeyman MiBe


Innate Abilities, Weirdness & Mutations

You reflexively headbutt those who attack you in melee.
You have a pair of horns on your head.


Message History

Your plate armour prevents you from hitting the red ugly thing.
Your headbutt misses the red ugly thing.
The red ugly thing is heavily wounded.
The red ugly thing kicks you.
* * * LOW HITPOINT WARNING * * *
You are engulfed in flames!!
* * * LOW HITPOINT WARNING * * *
Okay, then.
You feel much better.
The red ugly thing kicks you but does no damage.
You slash the red ugly thing!
The red ugly thing is severely wounded.
The red ugly thing closely misses you. You furiously retaliate!
You headbutt the red ugly thing, but do no damage.
You closely miss the red ugly thing. You headbutt the red ugly thing!
The red ugly thing is severely wounded.
The red ugly thing kicks you!
* * * LOW HITPOINT WARNING * * *
You are engulfed in flames!!
You die...

#....?.....
######..........
................
................
.......<........
.!............#
########......#
.... #.######.
..= #@....... ..
#.a#u.......
.#...#.#........
.# #..#........
....#........
.....#.....##.
#+++###.....#
...........?.


You could see a red ugly thing and a worker ant.

Vanquished Creatures
  Nergalle (D:8)
  Maurice (D:8)
  A spiny frog (Lair:1)
  A komodo dragon (Lair:1)
  A troll (D:10)
  Prince Ribbit (D:8)
  Grinder (Sewer)
  Sigmund (D:6)
  A wyvern (D:8)
  A human (D:8)
  3 yaks (D:9)
  4 hogs (D:8)
  A hungry ghost (D:8)
  3 water moccasins
  2 porcupines
  Duvessa (D:7)
  2 ice beasts (D:6)
  An orc warrior (D:8)
  A sky beast (D:9)
  A necrophage (D:6)
  6 ogres
  7 wolves
  4 centaurs
  2 big kobolds
  Blork the orc (D:5)
  5 bullfrogs
  Dowan (D:7)
  A scorpion (D:7)
  2 electric eels (D:9)
  6 howler monkeys
  4 crimson imps
  2 quasits (Sewer)
  2 hounds
  A bullfrog zombie (D:6)
  10 orc wizards
  2 orc priests
  Crazy Yiuf (D:5)
  A bullfrog skeleton (D:9)
  6 iguanas
  4 jellies
  4 worker ants
  3 big kobold zombies (Sewer)
  A hound zombie (D:6)
  2 hound skeletons
  A howler monkey skeleton (D:7)
  12 adders
  5 shadow imps
  2 ufetubi (Sewer)
  An ooze (D:5)
  An adder skeleton (D:7)
  An adder zombie (D:8)
  A worm (D:3)
  4 dart slugs
  7 leopard geckos
  30 orcs
  9 bats
  15 giant cockroaches
  3 goblins
  5 hobgoblins
  6 jackals
  3 quokkas
  6 ball pythons
  10 frilled lizards
  A giant cockroach zombie (D:4)
  A jackal skeleton (D:5)
  22 kobolds
  2 leopard gecko skeletons (D:5)
  A quokka skeleton (D:6)
  5 rats
261 creatures vanquished.

Vanquished Creatures (others)
  An ooze (Sewer)
  An adder zombie (Sewer)
2 creatures vanquished.

Grand Total: 263 creatures vanquished

Notes
Turn   | Place    | Note
-------+----------+-------------------------------------------
     0 | D:1      | Illumine the Minotaur Monk began the quest for the Orb.
     0 | D:1      | Reached XP level 1. HP: 19/19 MP: 0/0
    95 | D:1      | Reached XP level 2. HP: 22/27 MP: 1/1
   351 | D:1      | Reached skill level 4 in Axes
   611 | D:1      | Reached XP level 3. HP: 24/33 MP: 2/2
   785 | D:2      | Found a glowing silver altar of Zin.
   946 | D:2      | Reached skill level 1 in Shields
  1114 | D:3      | Reached skill level 1 in Armour
  1120 | D:2      | Reached XP level 4. HP: 26/40 MP: 3/3
  1368 | D:3      | Reached XP level 5. HP: 46/47 MP: 4/4
  1408 | D:3      | Reached skill level 5 in Axes
  1692 | D:4      | Noticed an ogre
  1698 | D:4      | Killed an ogre
  1698 | D:4      | Reached XP level 6. HP: 41/55 MP: 5/5
  1802 | D:4      | Reached skill level 5 in Fighting
  1802 | D:4      | Reached skill level 6 in Axes
  2022 | D:4      | Found a glowing drain.
  2031 | Sewer    | Entered a sewer
  2157 | Sewer    | Reached XP level 7. HP: 57/61 MP: 6/6
  2188 | Sewer    | Reached skill level 5 in Dodging
  2201 | Sewer    | Found a burning altar of Makhleb.
  2287 | Sewer    | Became a worshipper of Makhleb the Destroyer
  2287 | Sewer    | Reached * piety under Makhleb
  2287 | Sewer    | Reached ** piety under Makhleb
  2292 | Sewer    | Noticed Grinder
  2316 | Sewer    | Killed Grinder
  2316 | Sewer    | Reached skill level 7 in Axes
  2728 | D:4      | Reached XP level 8. HP: 55/70 MP: 7/7
  3232 | D:5      | Entered Level 5 of the Dungeon
  3239 | D:5      | Reached skill level 8 in Axes
  3360 | D:5      | Noticed Blork the orc
  3367 | D:5      | Killed Blork the orc
  3404 | D:5      | Found a hide-covered altar of Uskayaw.
  3411 | D:5      | Noticed a +0 dagger
  3412 | D:5      | Noticed a +0 hand axe
  3479 | D:5      | Found a snail-covered altar of Cheibriados.
  3527 | D:5      | Found Quzaatomm's Magic Scroll Emporium.
  3544 | D:5      | Found a runed translucent door.
  3545 | D:5      | Noticed Crazy Yiuf
  3598 | D:5      | Found a shimmering altar of Xom.
  3650 | D:5      | Reached skill level 5 in Armour
  3724 | D:5      | Killed Crazy Yiuf
  3749 | D:6      | Found a sacrificial altar of Ru.
  3778 | D:6      | Found Ikloamm's Assorted Antiques.
  3782 | D:6      | Found Caobb's Magic Scroll Shop.
  3786 | D:6      | Bought a transparent dire flail for 288 gold pieces
  3807 | D:6      | Reached *** piety under Makhleb
  3815 | D:6      | Reached skill level 9 in Axes
  3817 | D:6      | Found Owaig's Weapon Boutique.
  3867 | D:6      | Identified the +3 dire flail "Ibyodata" {holy, rElec Str+2
                  | SInv} (You bought it in a shop on level 6 of the Dungeon)
  3989 | D:6      | Found Giosipn's Food Emporium.
  4034 | D:6      | Found Soydwoig's Book Emporium.
  4048 | D:6      | Reached XP level 9. HP: 79/79 MP: 8/8
  4050 | D:6      | Found a white marble altar of Elyvilon.
  4062 | D:6      | Found an ornate altar of the Wu Jian Council.
  4073 | D:6      | Noticed Sigmund
  4093 | D:6      | Killed Sigmund
  4450 | D:6      | Found a staircase to the Ecumenical Temple.
  4724 | D:7      | Reached skill level 10 in Axes
  5097 | D:7      | Noticed Duvessa
  5097 | D:7      | Noticed Dowan
  5103 | D:7      | Killed Duvessa
  5104 | D:7      | Killed Dowan
  5428 | D:8      | Reached **** piety under Makhleb
  5537 | D:8      | Reached skill level 11 in Axes
  5540 | D:8      | Reached XP level 10. HP: 80/88 MP: 9/9
  5624 | D:8      | Found a staircase to the Lair.
  5722 | D:8      | Noticed Prince Ribbit
  5729 | D:8      | Killed Prince Ribbit
  5831 | D:8      | Found a shimmering blue altar of Sif Muna.
  5834 | D:8      | Found a radiant altar of Vehumet.
  5834 | D:8      | Found a bloodstained altar of Trog.
  5942 | D:8      | Noticed Maurice
  6067 | D:8      | Killed Maurice
  6130 | Lair:1   | Entered Level 1 of the Lair of Beasts
  6360 | Lair:1   | Noticed Nergalle
  6564 | D:8      | Reached skill level 12 in Axes
  6676 | D:8      | Killed Nergalle
  6899 | Lair:1   | Noticed a spiny frog
  6911 | Lair:1   | Killed a spiny frog
  7439 | Lair:1   | HP: 3/90 [komodo dragon (17)]
  7910 | D:9      | Found an ornate altar of the Wu Jian Council.
  7929 | D:9      | Found a hazy altar of Hepliaklqana.
  8246 | D:9      | Reached XP level 11. HP: 97/97 MP: 10/10
  8927 | D:10     | Entered Level 10 of the Dungeon
  8930 | D:10     | Found a runed translucent gate.
  8930 | D:10     | Found a runed translucent gate.
  8930 | D:10     | Found a runed translucent gate.
  8931 | D:10     | Noticed a red ugly thing
  8936 | D:10     | Noticed Illumine's ghost (journeyman MiBe)
  8942 | D:10     | Slain by a red ugly thing

Levels and vault maps discovered:
D:1:      lightli_molten_gateway, layout_loops_ring
D:2:      layout_basic, zin_treasury, small_statue_intersection
D:3:      layout_rooms, hangedman_glass_garden
D:4:      minmay_bubble_buster, layout_loops_ring, first_ration,
          portal_sewer_entry_f, solitary_fountain
D:5:      layout_basic, kennysheep_slug_shrine, dancing_weapons_uskayaw,
          serial_shops, shop, dk_xom_monty_hall, uniq_crazy_yiuf_cottage,
          uniq_grinder, uniq_blork_the_orc
D:6:      layout_rooms, chequers_temple_overflow_statue_of_worship,
          minmay_temple_entry_fiery, serial_shops, shop, kennysheep_little_box,
          shop, shop, nicolae_shop_stone, minivault_23, grunt_ministairs_3,
          minmay_misc_feat_alley, nicolae_ru_awakened_eye, uniq_sigmund
D:7:      layout_gridville, uniq_duvessa
D:8:      layout_loops_cross, grunt_temple_overflow_open, lair_entry_dummy,
          grunt_livestock, uniq_prince_ribbit1, uniq_maurice
D:9:      layout_stronghold, lemuel_round_altar, nrook_pool_corridor,
          lemuel_tele_altar
D:10:     layout_gridville, gammafunk_ghost_split, st_stairs_3
Lair:1:   layout_regular_city, uniq_nergalle

Skill      XL: |  1  2  3  4  5  6  7  8  9 10 11 |
---------------+----------------------------------+-----
Axes           | 4 5 6 7 9 11 12 | 12.6
Fighting       | 4 5 7 8 9 |  9.9
Shields        | 1 2 3 |  3.8
Armour         | 1 2 3 4 5 7 8 9 |  9.0
Dodging        | 4 5 6 7 9 |  9.2
Stealth        | |  1.6

Action                   |  1- 3 |  4- 6 |  7- 9 | 10-12 || total
-------------------------+-------+-------+-------+-------++-------
Melee: Hand axe          |    91 |   199 |    61 |       ||   351
       Headbutt          |    10 |    31 |    48 |    19 ||   108
       Broad axe         |       |       |    18 |       ||    18
       Battleaxe         |       |       |   216 |   150 ||   366
  Use: Scroll            |       |     4 |       |    10 ||    14
       Potion            |       |     1 |       |     1 ||     2
 Stab: Sleeping          |     2 |       |       |       ||     2
  Eat: Chunk             |       |     4 |    13 |     5 ||    22
       Ration            |       |       |     1 |     2 ||     3
Armor: Robe              |     3 |       |       |       ||     3
       Chain mail        |    64 |    87 |   197 |    57 ||   405
       Plate armour      |       |       |       |    34 ||    34
Dodge: Dodged            |    42 |    64 |   162 |    96 ||   364
Block: Buckler           |    28 |    44 |    32 |       ||   104
